 Seeded DCSS version 0.29.1-12-g30fa7ad0bf (webtiles) character file.

Game seed: 20230117 (custom seed)

16870 stormannn the Covert (level 12, -3/91 HPs)
             Began as a Gnoll Enchanter on Jan 17, 2023.
             Was an Elder of Cheibriados.
             Slain by Saint Roka (17 damage)
             ... on level 2 of the Orcish Mines.
             The game lasted 01:17:06 (13032 turns).

stormannn the Covert (Gnoll Enchanter)             Turns: 13032, Time: 01:17:07

Health: -3/91      AC: 12    Str: 25    XL:     12   Next: 42%
Magic:  22/25      EV: 20    Int: 31    God:    Cheibriados [****..]
Gold:   721        SH:  0    Dex: 26    Spells: 12/29 levels left

rFire   . . .      SeeInvis .   N - +8 halberd of the Extremes {elec, Int+2}
rCold   + . .      Faith    .   (shield currently unavailable)
rNeg    . . .      Spirit   .   A - +2 leather armour of Filth {rC+ Int+4 Slay+2}
rPois   .          Reflect  .   h - +0 helmet
rElec   .          Harm     .   E - +1 cloak
rCorr   .          Rampage  .   w - +0 pair of gloves
Will    .....                   s - +0 pair of boots
Stlth   +++++.....              f - amulet of the acrobat
HPRegen 0.25/turn               d - ring of wizardry
MPRegen 0.19/turn               r - +6 ring of strength

@: very slow
A: fangs 1, strong nose, distributed training
a: Renounce Religion, Bend Time, Temporal Distortion, Slouch


You were on level 2 of the Orcish Mines.
You worshipped Cheibriados.
Cheibriados was greatly pleased with you.
You visited 3 branches of the dungeon, and saw 13 of its levels.

You collected 910 gold pieces.
You spent 189 gold pieces at shops.

Inventory:

Hand Weapons
 a - a +1 spectral dagger
 z - a +2 antimagic short sword
 I - a +0 battleaxe of electrocution
 N - the +8 halberd of the Extremes (weapon) {elec, Int+2}
   (You bought it in a shop on level 2 of the Orcish Mines)

   It occasionally discharges a powerful burst of electricity upon striking a
   foe.
   Int:       It affects your intelligence (+2).
Missiles
 k - 7 poisoned darts (quivered)
 t - a throwing net
 G - 2 boomerangs of dispersal
 L - 4 javelins
Armour
 h - a +0 helmet (worn)
 i - a +0 kite shield
 s - a +0 pair of boots (worn)
 w - a +0 pair of gloves (worn)
 A - the +2 leather armour of Filth (worn) {rC+ Int+4 Slay+2}
   (You found it on level 4 of the Dungeon)

   Int:       It affects your intelligence (+4).
   Slay:      It affects your accuracy & damage with ranged weapons and melee
   (+2).
   rC:        It protects you from cold.
 E - a +1 cloak (worn)
Magical Staves
 j - a staff of fire
Jewellery
 d - a ring of wizardry (left hand)
 f - an amulet of the acrobat (around neck)
 r - a +6 ring of strength (right hand)
 y - a ring of positive energy
 F - a ring of fire
 K - a +6 ring of dexterity
 M - an amulet of faith
Wands
 o - a wand of mindburst (12)
 B - a wand of flame (9)
 H - a wand of iceblast (6)
 O - a wand of acid (15)
Scrolls
 b - a scroll of magic mapping
 e - 5 scrolls of identify
 n - a scroll of silence
 u - 4 scrolls of teleportation
 C - a scroll of summoning {unknown}
Potions
 c - a potion of invisibility
 g - 2 potions of haste
 l - 5 potions of lignification
 m - 2 potions of cancellation
 q - 2 potions of attraction
 v - a potion of flight
 x - a potion of berserk rage {unknown}
 D - a potion of brilliance
 J - a potion of might


   Skills:
 + Level 7.5 Fighting
 + Level 8.0 Short Blades
 + Level 7.5 Long Blades
 + Level 7.5 Axes
 + Level 7.5 Maces & Flails
 + Level 7.5 Polearms
 + Level 7.5 Staves
 + Level 7.5 Ranged Weapons
 + Level 7.5 Throwing
 + Level 7.5 Armour
 + Level 8.9 Dodging
 + Level 9.7 Stealth
 + Level 7.5 Shields
 + Level 7.5 Unarmed Combat
 + Level 9.1 Spellcasting
 + Level 6.2 Conjurations
 + Level 8.4 Hexes
 + Level 6.2 Summonings
 + Level 6.2 Necromancy
 + Level 6.2 Translocations
 + Level 6.2 Transmutations
 + Level 6.2 Fire Magic
 + Level 6.2 Ice Magic
 + Level 6.2 Air Magic
 + Level 6.2 Earth Magic
 + Level 6.2 Poison Magic
 + Level 8.2 Invocations
 + Level 7.5 Evocations


You had 12 spell levels left.
You knew the following spells:

 Your Spells              Type           Power      Damage    Failure   Level
a - Ensorcelled Hibernat  Hex/Ice        100%       N/A       1%          2
b - Confusing Touch       Hex            61%        N/A       1%          3
c - Tukima's Dance        Hex            61%        N/A       1%          3
d - Blade Hands           Tmut           26%        N/A       3%          5
e - Summon Lightning Spi  Summ/Air       52%        N/A       1%          4

Your spell library contained the following spells:

 Spells                   Type           Power      Damage    Failure   Level
 Magic Dart               Conj           100%       1d8       1%          1
 Call Imp                 Summ           52%        N/A       1%          2
 Conjure Flame            Conj/Fire      52%        6-21      1%          3
 Dazzling Flash           Conj/Hex       100%       N/A       1%          3
 Ignite Poison            Fire/Tmut/Pois 52%        N/A       1%          3
 Mephitic Cloud           Conj/Pois/Air  52%        N/A       1%          3
 Portal Projectile        Hex/Tloc       100%       N/A       1%          3
 Fulminant Prism          Conj/Hex       28%        3d14      1%          4
 Iskenderun's Mystic Bla  Conj/Tloc      52%        2d11      1%          4
 Passage of Golubria      Tloc           52%        N/A       1%          4
 Sticky Flame             Conj/Fire      52%        2d7       1%          4
 Silence                  Hex/Air        28%        N/A       2%          5
 Yara's Violent Unravell  Hex/Tmut       28%        3d12      2%          5
 Lee's Rapid Deconstruct  Erth           26%        3d15*     3%          5
 Storm Form               Tmut/Air       26%        N/A       67%         7
 Lehudib's Crystal Spear  Conj/Erth      26%        10d7      100%        8
 Maxwell's Capacitive Co  Air            26%        ∞         100%        8


Dungeon Overview and Level Annotations

Branches:
Dungeon (10/15)            Temple (1/1) D:7             Orc (2/2) D:10
   Lair: D:8-11         Elf: Orc:2

Altars:
Ashenzari
Cheibriados
Dithmenos
Elyvilon
Fedhas
Gozag
Hepliaklqana
Kikubaaqudgha
Makhleb
Nemelex Xobeh
Okawaru
Qazlal
Ru
Sif Muna
Trog
Uskayaw
Vehumet
Wu Jian
Xom
Yredelemnul
Zin
The Shining One

Shops:
D:3 [   D:6 (   D:10 ([[   Orc:2 (*[:

Annotations:
Orc:2 Saint Roka


Innate Abilities, Weirdness & Mutations

You have very sharp teeth.
Your uncanny sense of smell can sniff out nearby items.
Your experience applies equally to all skills.


Message History

You hit Saint Roka but do no damage.
Saint Roka is lightly wounded.
Saint Roka hits you!
* * * LOW HITPOINT WARNING * * *
Your +1 battleaxe of freezing hits Saint Roka but does no damage.
Your +1 battleaxe of freezing hits the orc wizard!
Your +1 battleaxe of freezing freezes the orc wizard.
The orc wizard dies!
Cheibriados appreciates the change of pace.
You are confused.
You feel invigorated.
Your lightning spire disappears in a puff of smoke!
You bump into the rock wall.
Saint Roka calls down the wrath of Beogh upon your +1 battleaxe of freezing.
Your +1 battleaxe of freezing is smitten.
Your +1 battleaxe of freezing hits Saint Roka!
Your +1 battleaxe of freezing freezes Saint Roka.
You flicker back into view.
Saint Roka mumbles some strange prayers to Beogh against your +1 battleaxe of freezing.
Your +1 battleaxe of freezing is smitten.
Your +1 battleaxe of freezing falls from the air.
You're too confused to cast spells.
You bump into the rock wall.
Saint Roka hits you!
You bump into the rock wall.
Saint Roka hits you but does no damage. Saint Roka hits you but does no damage.
You slash Saint Roka! Lightning courses through Saint Roka!
You bite Saint Roka, but do no damage.
Saint Roka is moderately wounded.
You feel less invigorated.
You feel less confused.
Saint Roka mumbles some strange prayers to Beogh against you.
Beogh smites you!
Casting: Tukima's Dance (safe; 1% risk of failure)
Confirm with . or Enter, or press ? or * to list all spells.
An electric hum fills the air.
Saint Roka hits you!!
* * * LOW HITPOINT WARNING * * *
You hit Saint Roka. You bite Saint Roka, but do no damage.
Saint Roka is moderately wounded.
Saint Roka hits you!
You die...

.................................
###..##......())..÷......).......
##.#..#.....[))÷)..............
#...........)....)......[......
#..............................
#..............................
###...............8.........#....
#.....##....................#....
......#.........@o...........#.#.
..##.##.............)...##.....
########..#.##..###.).### #.##. #
########## ##### ##


You could see Saint Roka (ally target) and a friendly lightning spire
(summoned).

Vanquished Creatures
  An orc warlord (Orc:2)
  Snorg (Orc:2)
  Pikel (D:7)
  An orc sorcerer (Orc:2)
  An orc knight (Orc:2)
  A cyclops (Orc:1)
  A dancing weapon (Orc:2)
  3 trolls
  Grinder (D:5)
  A hornet (D:9)
  Prince Ribbit (D:7)
  25 yaks
  Eustachio (D:5)
  3 steam dragons
  A warg (Orc:2)
  Menkaure (D:5)
  4 vampire mosquitoes (D:10)
  2 water moccasins
  3 sky beasts
  15 orc warriors
  4 ogres
  3 black bears
  6 centaurs
  3 lemures (D:7)
  A bullfrog (D:7)
  A gnoll sergeant (D:9)
  2 scorpions
  5 killer bees
  7 electric eels (D:10)
  3 howler monkeys
  4 hounds
  7 orc priests
  3 jellies
  Natasha (twice) (D:2)
  Terence (D:3)
  9 orc wizards
  5 iguanas
  4 adders
  11 gnolls
  2 ufetubi
  3 worms
  2 dart slugs (D:2)
  29 orcs
  3 endoplasms
  3 giant cockroaches
  11 goblins
  4 hobgoblins
  3 jackals
  A quokka (D:4)
  3 ball pythons
  7 bats
  3 frilled lizards
  5 kobolds
  5 rats
233 creatures vanquished.

Vanquished Creatures (collateral kills)
  An orc high priest (Orc:2)
  An orc knight (Orc:2)
  An orc sorcerer (Orc:2)
  2 wargs (Orc:2)
  8 orc warriors (Orc:2)
  3 ogres (Orc:2)
  8 orc priests
  A gnoll bouda (D:6)
  5 orc wizards
  4 gnolls (D:6)
  14 orcs
48 creatures vanquished.

Vanquished Creatures (others)
  An orc knight (Orc:2)
  9 dancing weapons
10 creatures vanquished.

Grand Total: 291 creatures vanquished

Notes
Turn   | Place    | Note
-------+----------+-------------------------------------------
     0 | D:1      | stormannn the Gnoll Enchanter began the quest for the Orb.
     0 | D:1      | Reached XP level 1. HP: 13/13 MP: 6/6
   550 | D:1      | Found a faded altar of an unknown god.
   582 | D:1      | Reached XP level 2. HP: 19/19 MP: 7/7
  1280 | D:1      | Learned a level 2 spell: Ensorcelled Hibernation
  1324 | D:2      | Reached skill level 5 in Spellcasting
  1324 | D:2      | Reached XP level 3. HP: 25/25 MP: 7/9
  1592 | D:2      | Reached skill level 1 in Invocations
  1794 | D:2      | Found a sacrificial altar of Ru.
  1933 | D:2      | Reached skill level 1 in Fighting
  1933 | D:2      | Reached skill level 1 in Long Blades
  1933 | D:2      | Reached skill level 1 in Axes
  1933 | D:2      | Reached skill level 1 in Maces & Flails
  1933 | D:2      | Reached skill level 1 in Polearms
  1933 | D:2      | Reached skill level 1 in Staves
  1933 | D:2      | Reached skill level 1 in Ranged Weapons
  1933 | D:2      | Reached skill level 1 in Throwing
  1933 | D:2      | Reached skill level 1 in Armour
  1933 | D:2      | Reached skill level 1 in Shields
  1933 | D:2      | Reached skill level 1 in Unarmed Combat
  1933 | D:2      | Reached skill level 1 in Evocations
  2050 | D:2      | Noticed Natasha
  2061 | D:2      | Killed Natasha
  2062 | D:2      | Reached XP level 4. HP: 29/32 MP: 3/11
  2148 | D:2      | Reached skill level 1 in Conjurations
  2148 | D:2      | Reached skill level 1 in Summonings
  2148 | D:2      | Reached skill level 1 in Necromancy
  2148 | D:2      | Reached skill level 1 in Translocations
  2148 | D:2      | Reached skill level 1 in Transmutations
  2148 | D:2      | Reached skill level 1 in Fire Magic
  2148 | D:2      | Reached skill level 1 in Ice Magic
  2148 | D:2      | Reached skill level 1 in Air Magic
  2148 | D:2      | Reached skill level 1 in Earth Magic
  2148 | D:2      | Reached skill level 1 in Poison Magic
  2314 | D:2      | Noticed Natasha
  2319 | D:2      | Killed Natasha
  2535 | D:2      | Identified a scroll of acquirement
  2535 | D:2      | Acquired a book of the Moon
  2538 | D:3      | Found a shimmering blue altar of Sif Muna.
  2547 | D:3      | Found Meoffusu's Armour Shop.
  2675 | D:3      | Reached XP level 5. HP: 37/37 MP: 9/12
  3039 | D:3      | Reached XP level 6. HP: 22/44 MP: 4/13
  3453 | D:3      | Noticed Terence
  3461 | D:3      | Killed Terence
  3462 | D:3      | Reached skill level 5 in Dodging
  3820 | D:4      | Noticed a black bear
  3823 | D:4      | Killed a black bear
  3827 | D:4      | You fall into a shaft and drop 3 floors!
  4001 | D:5      | Entered Level 5 of the Dungeon
  4337 | D:4      | Identified the +2 leather armour of Filth {rC+ Int+4
                  | Slay+2}
  4519 | D:4      | Reached XP level 7. HP: 51/51 MP: 15/15
  5043 | D:5      | Noticed Menkaure
  5052 | D:5      | Killed Menkaure
  5053 | D:5      | Reached XP level 8. HP: 51/58 MP: 13/16
  5105 | D:5      | Noticed Grinder
  5137 | D:5      | Killed Grinder
  5362 | D:5      | Learned a level 3 spell: Confusing Touch
  5366 | D:5      | Learned a level 3 spell: Tukima's Dance
  5433 | D:5      | Noticed Eustachio
  5460 | D:5      | Killed Eustachio
  5863 | D:6      | Found Sugasiv's Antique Weapon Emporium.
  6036 | D:6      | Reached XP level 9. HP: 65/65 MP: 15/18
  6600 | D:7      | Reached skill level 5 in Short Blades
  6849 | D:7      | Noticed Prince Ribbit
  6861 | D:7      | Killed Prince Ribbit
  7042 | D:7      | Reached skill level 5 in Invocations
  7183 | D:7      | Found a staircase to the Ecumenical Temple.
  7193 | Temple   | Entered the Ecumenical Temple
  7391 | Temple   | Became a worshipper of Cheibriados the Contemplative
  7529 | D:7      | Noticed Pikel
  7644 | D:7      | Killed Pikel
  7809 | D:7      | Reached skill level 5 in Fighting
  7809 | D:7      | Reached skill level 5 in Long Blades
  7809 | D:7      | Reached skill level 5 in Axes
  7809 | D:7      | Reached skill level 5 in Maces & Flails
  7809 | D:7      | Reached skill level 5 in Polearms
  7809 | D:7      | Reached skill level 5 in Staves
  7809 | D:7      | Reached skill level 5 in Ranged Weapons
  7809 | D:7      | Reached skill level 5 in Throwing
  7809 | D:7      | Reached skill level 5 in Armour
  7809 | D:7      | Reached skill level 5 in Shields
  7809 | D:7      | Reached skill level 5 in Unarmed Combat
  7809 | D:7      | Reached skill level 5 in Evocations
  7809 | D:7      | Reached XP level 10. HP: 74/74 MP: 17/20
  8913 | D:8      | Reached * piety under Cheibriados
  9506 | D:9      | Reached ** piety under Cheibriados
  9627 | D:9      | Learned a level 5 spell: Blade Hands
  9832 | D:9      | Reached skill level 5 in Conjurations
  9832 | D:9      | Reached skill level 5 in Summonings
  9832 | D:9      | Reached skill level 5 in Necromancy
  9832 | D:9      | Reached skill level 5 in Translocations
  9832 | D:9      | Reached skill level 5 in Transmutations
  9832 | D:9      | Reached skill level 5 in Fire Magic
  9832 | D:9      | Reached skill level 5 in Ice Magic
  9832 | D:9      | Reached skill level 5 in Air Magic
  9832 | D:9      | Reached skill level 5 in Earth Magic
  9832 | D:9      | Reached skill level 5 in Poison Magic
  9832 | D:9      | Reached XP level 11. HP: 81/81 MP: 19/22
 10394 | D:10     | Entered Level 10 of the Dungeon
 10461 | D:10     | Found Muip's Antique Armour Shoppe.
 11363 | D:10     | Found a staircase to the Orcish Mines.
 11402 | D:10     | Reached *** piety under Cheibriados
 11434 | D:10     | Found Myofomiss's Armour Shop.
 11437 | D:10     | Found Afowkif's Weapon Shop.
 11643 | D:10     | Found a broken altar of Ashenzari.
 11890 | Orc:1    | Entered Level 1 of the Orcish Mines
 11890 | Orc:1    | Noticed a cyclops
 11892 | Orc:1    | Killed a cyclops
 11911 | Orc:1    | Learned a level 4 spell: Summon Lightning Spire
 12113 | Orc:2    | Entered Level 2 of the Orcish Mines
 12145 | Orc:2    | Noticed an orc high priest
 12149 | Orc:2    | Noticed a sun demon
 12149 | Orc:2    | Noticed a soul eater
 12293 | Orc:2    | Killed an orc high priest
 12335 | Orc:2    | Noticed an orc warlord
 12335 | Orc:2    | Noticed an orc knight
 12357 | Orc:2    | Noticed an orc sorcerer
 12360 | Orc:2    | Noticed an orc knight
 12371 | Orc:2    | Killed an orc knight
 12372 | Orc:2    | Reached **** piety under Cheibriados
 12382 | Orc:2    | Killed an orc warlord
 12383 | Orc:2    | Reached XP level 12. HP: 46/91 MP: 1/24
 12648 | Orc:2    | Found Vypih's Antique Armour Boutique.
 12660 | Orc:2    | Found Veumaiddeu's Antique Weapon Boutique.
 12707 | Orc:2    | Bought an encrusted halberd for 189 gold pieces
 12707 | Orc:2    | Identified the +8 halberd of the Extremes {elec, Int+2}
                  | (You bought it in a shop on level 2 of the Orcish Mines)
 12718 | Orc:2    | Found Cyerhapp's General Store.
 12734 | Orc:2    | Found Leiqunkaps's Book Boutique.
 12835 | Orc:2    | Noticed Saint Roka
 12862 | Orc:2    | Noticed Snorg
 12876 | Orc:2    | Killed Snorg
 13032 | Orc:2    | Slain by Saint Roka

Illustrated notes

Levels and vault maps discovered:
D:1:      nicolae_arrival_somewhat_less_tricky_arrival, layout_rooms,
          chequers_ecumenical_altar_island, chequers_serial_rivers_large_b
D:2:      layout_rooms, basic_altar, uniq_natasha
D:3:      layout_basic, overflow_temple_1_default, serial_shops,
          nicolae_shop_hallway_stairs, kennysheep_generic_room_7, uniq_terence
D:4:      layout_gridville
D:5:      layout_gridville, uniq_grinder, uniq_eustachio, uniq_menkaure
D:6:      layout_rooms, serial_shops, nicolae_shop_advertising_works
          [nicolae_subvault_shop_adworks]
D:7:      layout_basic, minmay_temple_entry_offerings, uniq_pikel,
          uniq_prince_ribbit1
D:8:      layout_gridville
D:9:      layout_cave_pools
D:10:     layout_basic, mainiacjoe_overflow_alcove_2, orc_david_3, serial_shops,
          shop
Temple:   nicolae_temple_slightly_damp_pantheon
Orc:1:    layout_caves, basic_altar
Orc:2:    grunt_orc_cross, layout_caves, nicolae_volcano_entry_two_sided,
          uniq_saint_roka, uniq_snorg

Skill      XL: |  1  2  3  4  5  6  7  8  9 10 11 12 |
---------------+-------------------------------------+-----
Stealth        | 6 7 8 9 |  9.7
Spellcasting   | 5 6 7 8 9 |  9.1
Invocations    | 1 2 3 4 5 6 7 8 |  8.2
Fighting       | 1 2 3 4 5 6 7 |  7.5
Long Blades    | 1 2 3 4 5 6 7 |  7.5
Axes           | 1 2 3 4 5 6 7 |  7.5
Maces & Flails | 1 2 3 4 5 6 7 |  7.5
Polearms       | 1 2 3 4 5 6 7 |  7.5
Staves         | 1 2 3 4 5 6 7 |  7.5
Ranged Weapons | 1 2 3 4 5 6 7 |  7.5
Throwing       | 1 2 3 4 5 6 7 |  7.5
Armour         | 1 2 3 4 5 6 7 |  7.5
Shields        | 1 2 3 4 5 6 7 |  7.5
Unarmed Combat | 1 2 3 4 5 6 7 |  7.5
Evocations     | 1 2 3 4 5 6 7 |  7.5
Conjurations   | 1 2 3 4 5 6 |  6.2
Summonings     | 1 2 3 4 5 6 |  6.2
Necromancy     | 1 2 3 4 5 6 |  6.2
Translocations | 1 2 3 4 5 6 |  6.2
Transmutations | 1 2 3 4 5 6 |  6.2
Fire Magic     | 1 2 3 4 5 6 |  6.2
Ice Magic      | 1 2 3 4 5 6 |  6.2
Air Magic      | 1 2 3 4 5 6 |  6.2
Earth Magic    | 1 2 3 4 5 6 |  6.2
Poison Magic   | 1 2 3 4 5 6 |  6.2
Short Blades   | 3 4 5 6 7 8 |  8.0
Dodging        | 5 6 7 8 |  8.9
Hexes          | 6 7 8 |  8.4

Action                   |  1- 3 |  4- 6 |  7- 9 | 10-12 || total
-------------------------+-------+-------+-------+-------++-------
Melee: Dagger            |    45 |    27 |    77 |    84 ||   233
       Bite              |     7 |    10 |    23 |    27 ||    67
       Punch             |     3 |     1 |     9 |    12 ||    25
       Short sword       |    65 |    23 |     2 |       ||    90
       Trident           |       |    53 |       |       ||    53
       Falchion          |       |       |    76 |   134 ||   210
       Unarmed           |       |       |       |    25 ||    25
       Halberd           |       |       |       |    21 ||    21
Throw: Dart              |       |       |    12 |    49 ||    61
       Javelin           |       |       |       |     1 ||     1
       Throwing net      |       |       |       |     1 ||     1
 Cast: Ensorcelled Hiber |     9 |    27 |    34 |    89 ||   159
       Tukima's Dance    |       |       |    15 |    69 ||    84
       Confusing Touch   |       |       |     4 |     1 ||     5
       Blade Hands       |       |       |       |     4 ||     4
       Summon Lightning  |       |       |       |    17 ||    17
Evoke: Wand              |       |       |       |    16 ||    16
  Use: Scroll            |     1 |     5 |     8 |     9 ||    23
       Potion            |       |       |       |     6 ||     6
 Stab: Sleeping          |    13 |    23 |    19 |    50 ||   105
       Distracted        |       |     2 |     3 |     2 ||     7
       Confused          |       |       |     2 |       ||     2
       Invisible         |       |       |       |     2 ||     2
Armor: Robe              |     6 |    11 |       |       ||    17
       Leather armour    |       |     3 |    42 |    85 ||   130
       Skin              |       |     1 |       |       ||     1
Dodge: Dodged            |    75 |    57 |   145 |   321 ||   598
